 Dungeon Crawl Stone Soup version 0.28.0-47-ge53b351184 (webtiles) character file.

Game seed: 13837426636749297153

17804 101zpm the Eclecticist (level 12, -5/74 HPs)
             Began as a Djinni Fire Elementalist on May 8, 2022.
             Engulfed by a cloud of flame (6 damage)
             ... on level 12 of the Dungeon.
             The game lasted 00:42:51 (16235 turns).

101zpm the Eclecticist (Djinni Fire Elementalist)  Turns: 16235, Time: 00:42:51

Health: -5/74      AC:  9    Str:  6    XL:     12   Next: 87%
Gold:   808        EV: 14    Int: 26    God:
                   SH:  5    Dex: 18

rFire   + + .      SeeInvis .   H - +9 war axe of the Original Sin {pain, rElec rC+++ Will- Str-5}
rCold   + + .      Faith    .   (no shield)
rNeg    . . .      Spirit   .   f - +4 robe of Augmentation {Str+4 Int+4 Dex+4}
rPois   ∞          Reflect  +   w - +2 helmet
rElec   +          Harm     .   (no cloak)
rCorr   .          Rampage  .   (no gloves)
Will    .....                   (boots unavailable)
Stlth   +++.......              m - amulet of reflection
HPRegen 0.22/turn               (no ring)
MPRegen 0.00/turn               (no ring)

@: flying
A: sickness immunity, fire resistance 2, cold vulnerability 1, float, innate
caster, HP casting, extra vitality 1
a: no special abilities


You were on level 12 of the Dungeon.
You visited 1 branch of the dungeon, and saw 12 of its levels.

You collected 847 gold pieces.
You spent 39 gold pieces at shops.

Inventory:

Hand Weapons
 A - the +9 war axe "Tattletale" {antimagic, rPois Str+2}
   (You took it off an orc priest on level 9 of the Dungeon)

   It reduces the magical energy of the wielder, and disrupts the spells and
   magical abilities of those it strikes.
   Natural abilities and divine invocations are not affected.
   Str:       It affects your strength (+2).
   rPois:     It protects you from poison.
 C - a +2 scimitar of holy wrath
 H - the +9 war axe of the Original Sin (weapon) {pain, rElec rC+++ Will- Str-5}
   (You found it on level 12 of the Dungeon)

   In the hands of one skilled in necromantic magic, it inflicts extra damage on
   living creatures.
   Your inability to study Necromancy prevents you from drawing on the full
   power of this weapon.
   Str:       It affects your strength (-5).
   rC:        It renders you almost immune to cold.
   rElec:     It insulates you from electricity.
   Will:      It decreases your willpower.
Missiles
 a - 4 javelins
 p - 4 throwing nets
Armour
 f - the +4 robe of Augmentation (worn) {Str+4 Int+4 Dex+4}
   (You found it on level 4 of the Dungeon)

   Str:       It affects your strength (+4).
   Int:       It affects your intelligence (+4).
   Dex:       It affects your dexterity (+4).
 w - a +2 helmet (worn)
Jewellery
 m - an amulet of reflection (around neck)
 o - the amulet of Free Expression {Faith -Cast rElec rN+ Dex+6}
   (You found it on level 7 of the Dungeon)

   [amulet of faith]

   It allows you to gain divine favour quickly.
   Dex:       It affects your dexterity (+6).
   rElec:     It insulates you from electricity.
   rN:        It protects you from negative energy.
   -Cast:     It prevents spellcasting.
 t - a ring of protection from cold
 v - a ring of protection from cold
 D - the macabre finger necklace {rN+}
   (You found it on level 10 of the Dungeon)

   [amulet of nothing]

   It enables you to equip an extra ring.
   rN:        It protects you from negative energy.
Wands
 k - a wand of acid (9)
 r - a wand of polymorph (4)
 E - a wand of iceblast (21)
 G - a wand of mindburst (5)
 I - a wand of charming (2)
Scrolls
 b - 3 scrolls of enchant weapon
 e - 3 scrolls of brand weapon {unknown}
 h - 2 scrolls of amnesia {unknown}
 l - 6 scrolls of identify
 s - a scroll of acquirement {unknown}
 x - 2 scrolls of fear {unknown}
 y - 3 scrolls of vulnerability {unknown}
 z - 2 scrolls of magic mapping {unknown}
 B - a scroll of teleportation {unknown}
 F - a scroll of noise
Potions
 c - 2 potions of lignification {unknown}
 d - 3 potions of brilliance {unknown}
 g - 2 potions of heal wounds
 i - 3 potions of might {unknown}
 j - a potion of resistance {unknown}
 n - a potion of flight {unknown}
 q - a potion of mutation {unknown}
 u - a potion of cancellation {unknown}


   Skills:
 + Level 1.8 Fighting
 + Level 4.3 Dodging
 + Level 3.8 Stealth
 + Level 1.3 Shields
 + Level 15.0 Spellcasting


You had 14 spell levels left.
You knew the following spells:

 Your Spells              Type           Power      Damage    Failure   Level
a - Foxfire               Conj/Fire      100%       2x1d9     0%          1
b - Scorch                Fire           100%       2d10      0%          2
c - Conjure Flame         Conj/Fire      78%        6-21      1%          3
d - Inner Flame           Hex/Fire       78%        N/A       1%          3
e - Flame Wave            Conj/Fire      78%        2d14      1%          4
f - Shock                 Conj/Air       100%       1d9       0%          1
g - Call Imp              Summ           78%        N/A       0%          2
h - Lesser Beckoning      Tloc           78%        N/A       1%          3
i - Vampiric Draining     Necr           78%        2d11      1%          3
j - Metabolic Englaciati  Hex/Ice        39%        N/A       1%          5
Your spell library was empty.

Dungeon Overview and Level Annotations

Branches:
Dungeon (12/15)            Temple (0/1) D:7            Lair (0/6) D:8
    Orc (0/2) D:9

Altars:
Gozag

Shops:
D:5 *   D:10 ?

Annotations:
D:4 1 runed translucent door, CryoSword's ghost, amateur DsWr
D:6 1 runed translucent door, Crazy Yiuf


Innate Abilities, Weirdness & Mutations

You are immune to sickness and miasma.
You are immune to poison.
Your flesh is very heat resistant. (rF++)
You are vulnerable to cold. (rC-)
You float through the air rather than walking.
You learn spells naturally, not from books.
Your magical power is your life essence.
You have superior vitality. (+4 MHP)


Message History

Aim: a slime creature (chance to affect: 92%)
The slime creature is filled with an inner flame.
* * * LOW HITPOINT WARNING * * *
Casting: Inner Flame (safe; 1% risk of failure)
Confirm with . or Enter, or press ? or * to list all spells.
Flames lash the slime creature.
Flame seeps out of the slime creature.
The slime creature is lightly wounded.
The slime creature's fire resistance burns away.
* * * LOW HITPOINT WARNING * * *
A slime creature comes into view.
The slime creature is engulfed in blazing flames.
Flame seeps out of the slime creature.
Casting: Scorch (safe; 0% risk of failure)
Confirm with . or Enter, or press ? or * to list all spells.
Flames lash the slime creature.
The slime creature is burned terribly!
* * * LOW HITPOINT WARNING * * *
The slime creature explodes!
A slime creature comes into view.
Your Spellcasting skill increases to level 15!
Two slime creatures merge to form a large slime creature.
Casting: Scorch (safe; 0% risk of failure)
Confirm with . or Enter, or press ? or * to list all spells.
Aiming: Inner Flame (safe; 1% risk of failure)
Press: ? - help, Dir - move target, f - large slime creature
Aim: a large slime creature (flame, chance to affect: 93%)
The large slime creature is filled with an inner flame.
* * * LOW HITPOINT WARNING * * *
The large slime creature is engulfed in blazing flames.
Flame seeps out of the large slime creature.
A wraith comes into view.
Casting: Inner Flame (safe; 1% risk of failure)
Confirm with . or Enter, or press ? or * to list all spells.
The fire begins to smoulder!
* * * LOW HITPOINT WARNING * * *
Casting: Conjure Flame (safe; 1% risk of failure)
Confirm with . or Enter, or press ? or * to list all spells.
The fire ignites!
* * * LOW HITPOINT WARNING * * *
You are engulfed in blazing flames.
You resist.
You die...

#..
#.....####..#
... .....#
#..#### ....
....# ##..#.#
... ...# ##...#
#...# ##..##
###...# .
###.....#
....####.@.##..#
......†J.#####.#
.....W.### ###
.....○# .....>
..... ...## ..#
.#


You could see a large slime creature (inner flame) and a wraith.

Vanquished Creatures
  Gastronok (D:9)
  A hydra (D:11)
  Harold (D:8)
  A harpy (shapeshifter) (D:12)
  A deep elf pyromancer (D:12)
  A cyclops (D:8)
  A manticore (D:10)
  Maurice (D:11)
  An unseen horror (D:7)
  Maggie (D:9)
  A kobold demonologist (D:8)
  3 trolls
  Grinder (D:6)
  5 slime creatures
  Sigmund (D:2)
  A wraith (D:11)
  A wyvern (D:9)
  A vampire (D:7)
  19 yaks
  2 steam dragons
  16 vampire mosquitoes
  2 water moccasins
  4 orc warriors
  2 sky beasts
  2 black bears
  A necrophage (D:7)
  3 ogres
  2 centaurs
  3 phantoms
  A kobold brigand (D:10)
  2 bullfrogs
  5 gnoll sergeants
  A wyvern zombie (D:5)
  4 scorpions
  5 killer bees (D:9)
  A water moccasin skeleton (D:4)
  10 wights
  6 electric eels (D:9)
  10 howler monkeys
  4 centaur zombies
  2 hounds (D:6)
  8 orc priests
  2 jellies
  4 iguanas
  Terence (D:2)
  14 orc wizards
  2 killer bee zombies
  15 gnolls
  5 adders
  A shadow imp (D:5)
  2 white imps
  An ufetubus (D:4)
  2 adder skeletons (D:4)
  A dart slug (D:5)
  27 orcs
  A bat (D:2)
  5 endoplasms
  A hobgoblin (D:4)
  4 jackals (D:4)
  4 quokkas
  3 goblins
  5 kobolds
239 creatures vanquished.

Vanquished Creatures (collateral kills)
  A yak (D:9)
  2 foxfires (D:9)
3 creatures vanquished.

Vanquished Creatures (others)
  1022 foxfires
  7 plants (D:9)
1029 creatures vanquished.

Grand Total: 1271 creatures vanquished

Notes
Turn   | Place    | Note
-------+----------+-------------------------------------------
     0 | D:1      | 101zpm the Djinni Fire Elementalist began the quest for the
                  | Orb.
     0 | D:1      | Reached XP level 1. HP: 15/15 MP: 0/0
   275 | D:2      | Reached XP level 2. HP: 12/21 MP: 0/0
   473 | D:2      | Noticed Terence
   481 | D:2      | Killed Terence
   482 | D:2      | Reached skill level 3 in Spellcasting
   482 | D:2      | Reached XP level 3. HP: 9/25 MP: 0/0
   482 | D:2      | Learned a level 1 spell: Shock
   485 | D:2      | Noticed Sigmund
   491 | D:2      | Killed Sigmund
   492 | D:2      | Reached skill level 4 in Spellcasting
   492 | D:2      | Reached XP level 4. HP: 4/31 MP: 0/0
   492 | D:2      | Reached XP level 5. HP: 5/35 MP: 0/0
   492 | D:2      | Learned a level 2 spell: Call Imp
   492 | D:2      | Reached XP level 6. HP: 6/40 MP: 0/0
   860 | D:4      | Found the +4 robe of Augmentation {Str+4 Int+4 Dex+4}
  1269 | D:4      | Noticed CryoSword's ghost (amateur DsWr)
  1278 | D:4      | Reached skill level 5 in Spellcasting
  1666 | D:4      | Reached XP level 7. HP: 43/45 MP: 0/0
  1666 | D:4      | Learned a level 3 spell: Lesser Beckoning
  1846 | D:4      | Found a runed translucent door.
  2256 | D:5      | Entered Level 5 of the Dungeon
  2499 | D:5      | Found Girafenk's Overcharged Wands.
  2705 | D:5      | Reached skill level 6 in Spellcasting
  2731 | D:5      | Reached XP level 8. HP: 36/50 MP: 0/0
  3356 | D:5      | Reached skill level 7 in Spellcasting
  4735 | D:7      | Found a staircase to the Ecumenical Temple.
  4795 | D:7      | Reached skill level 8 in Spellcasting
  4933 | D:7      | Reached XP level 9. HP: 50/55 MP: 0/0
  4933 | D:7      | Learned a level 3 spell: Vampiric Draining
  5422 | D:7      | Reached skill level 9 in Spellcasting
  5791 | D:7      | Killed an unseen horror
  6017 | D:7      | Noticed a slime creature
  6018 | D:7      | Noticed a slime creature
  6138 | D:8      | Found a sand-covered staircase.
  6148 | D:7      | Reached skill level 10 in Spellcasting
  6148 | D:7      | Reached XP level 10. HP: 31/61 MP: 0/0
  6526 | D:6      | Noticed Grinder
  6533 | D:6      | Killed Grinder
  6619 | D:6      | Reached skill level 1 in Fighting
  7037 | D:6      | Found a runed translucent door.
  7040 | D:6      | Noticed Crazy Yiuf
  7336 | D:7      | Reached skill level 11 in Spellcasting
  7419 | D:7      | Identified the amulet of Free Expression {Faith -Cast rElec
                  | rN+ Dex+6}
  8068 | D:8      | Noticed Harold
  8077 | D:8      | Killed Harold
  8078 | D:8      | Reached XP level 11. HP: 28/67 MP: 0/0
  8078 | D:8      | Learned a level 5 spell: Metabolic Englaciation
  8455 | D:8      | Reached skill level 12 in Spellcasting
  8693 | D:8      | Found a staircase to the Lair.
  9344 | D:8      | Noticed a cyclops
  9351 | D:8      | Killed a cyclops
  9487 | D:9      | Noticed Maggie
  9496 | D:9      | Killed Maggie
  9797 | D:9      | Found a staircase to the Orcish Mines.
 10124 | D:9      | Identified the +9 war axe "Tattletale" {antimagic, rPois
                  | Str+2}
 10713 | D:9      | Reached skill level 13 in Spellcasting
 10911 | D:9      | Noticed Gastronok
 10924 | D:9      | Killed Gastronok
 11964 | D:10     | Entered Level 10 of the Dungeon
 12020 | D:10     | Noticed a manticore
 12024 | D:10     | Killed a manticore
 12267 | D:10     | Reached XP level 12. HP: 46/72 MP: 0/0
 12497 | D:10     | Found the macabre finger necklace {rN+}
 12524 | D:10     | Found Mebutep's Magic Scroll Emporium.
 12633 | D:10     | Bought a scroll of noise for 13 gold pieces
 12633 | D:10     | Bought a scroll of identify for 26 gold pieces
 13161 | D:11     | Reached skill level 1 in Shields
 13484 | D:10     | Reached skill level 14 in Spellcasting
 13600 | D:11     | Noticed an eight-headed hydra
 13798 | D:11     | Noticed Maurice
 13851 | D:10     | Noticed a two-headed ogre
 14373 | D:11     | Killed an eight-headed hydra
 14665 | D:11     | Found an opulent altar of Gozag.
 14980 | D:11     | Killed Maurice
 15822 | D:12     | Identified the +9 war axe of the Original Sin {pain, rElec
                  | rC+++ Will- Str-5}
 16232 | D:12     | Reached skill level 15 in Spellcasting
 16235 | D:12     | Engulfed by a cloud of flame

Illustrated notes

Levels and vault maps discovered:
D:1:      scummos_arrival_simple_fountains, layout_basic,
          ebering_ecumenical_altar_box
D:2:      layout_rooms, grunt_decor_cap, uniq_terence, uniq_sigmund
D:3:      minmay_chambers_of_twos, layout_basic, mainiacjoe_overflow_alcove_2,
          chequers_jeans
D:4:      layout_loops_cross, hellmonk_ghost_happy_afterlife
D:5:      layout_layer_cave, hangedman_abyss_or_decor_passed,
          nicolae_shop_overcharged_wands
D:6:      layout_rooms, uniq_crazy_yiuf_cottage, uniq_grinder
D:7:      minmay_the_grid_square_5x5_3x3 [minmay_the_grid_square_5x5_fat_x,
          minmay_the_grid_square_5x5_almost_minimal,
          minmay_the_grid_square_5x5_shrine2, minmay_the_grid_square_5x5_plus,
          minmay_the_grid_square_5x5_megaprize_diamond,
          minmay_the_grid_square_5x5_moneybag,
          minmay_the_grid_square_5x5_two_walls_b,
          minmay_the_grid_square_5x5_three_small,
          minmay_the_grid_square_5x5_inset], layout_basic, temple_statues
D:8:      minmay_chambers_of_fours, layout_cave_pools, lair_entry_dummy,
          enter_ossuary_3, uniq_harold
D:9:      cheibrodos_two_vegetables, layout_long_grid, orc_0_dummy,
          uniq_gastronok, uniq_maggie
D:10:     layout_loops_corners, serial_shops, shop
D:11:     layout_big_octagon, serial_co_window_serial,
          co_window_of_opportunity_a, co_window_paths_a, co_window_paths_b,
          co_window_corner_a, co_window_corner_a, co_window_of_opportunity_c,
          co_window_corner_b, co_window_corner_b, co_window_4corner_a,
          co_window_sun, glass_columns_b, glass_columns_a,
          nicolae_gozag_seed_capital, uniq_maurice
D:12:     layout_layer_cave, biasface_ghost_orc_armoury

Skill      XL: |  1  2  3  4  5  6  7  8  9 10 11 12 |
---------------+-------------------------------------+-----
Spellcasting   | 3 4 5 6 8 10 11 13 15 | 15.0
Dodging        | 3 4 |  4.3
Stealth        | 2 3 |  3.8
Fighting       | 1 |  1.8
Shields        | 1 |  1.3

Action                   |  1- 3 |  4- 6 |  7- 9 | 10-12 || total
-------------------------+-------+-------+-------+-------++-------
 Cast: Foxfire           |    28 |    58 |   202 |   345 ||   633
       Scorch            |       |    12 |    27 |    83 ||   122
       Call Imp          |       |     1 |       |     3 ||     4
       Inner Flame       |       |       |    32 |   125 ||   157
       Conjure Flame     |       |       |       |     7 ||     7
       Flame Wave        |       |       |       |     6 ||     6
       Shock             |       |       |       |     1 ||     1
       Metabolic Englaci |       |       |       |     1 ||     1
  Use: Scroll            |       |       |       |     1 ||     1
       Potion            |       |       |       |     1 ||     1
Armor: Robe              |     1 |       |     1 |    17 ||    19
Dodge: Dodged            |     3 |     1 |     9 |    56 ||    69
Block: Other             |       |       |       |    12 ||    12
       Reflection        |       |       |       |     2 ||     2
